| TOP OF THE 1ST |
|
Cedar Rapids Cardinals batting - Pitching for Quad Cities Angels : LHP Mike Foster
|
|
Pitching: LHP Mike Foster
|
|
|
Batting: RHB Reggie D Williams
|
0-0: Called Strike 0-1: Foul Ball, location: 2F 0-2: DOUBLE (Line Drive, 89D, EV 108.8 MPH)
|
|
Batting: SHB Bryan Hoppie
|
0-0: Ball 1-0: Called Strike 1-1: Fly out, F9 (Line Drive, 9, EV 93.1 MPH)
|
|
Batting: RHB Ronald Grout
|
0-0: Ball 1-0: Ball 2-0: Ball 3-0: Called Strike 3-1: Swinging Strike 3-2: Ground out 5-3 (Groundball, 25, EV 83.8 MPH)
|
|
Batting: RHB Dean Kornacker
|
0-0: Called Strike 0-1: Foul Ball, location: 2F 0-2: Ball 1-2: Ball 2-2: Strikes out swinging
|
| Top of the 1st over - 0 runs, 1 hit, 0 errors, 1 left on base; Cedar Rapids 0 - Quad Cities 0 |
| BOTTOM OF THE 1ST |
|
Quad Cities Angels batting - Pitching for Cedar Rapids Cardinals : RHP Scott Pyle
|
|
Pitching: RHP Scott Pyle
|
|
|
Batting: RHB Mike Sharperson
|
0-0: Called Strike 0-1: SINGLE (Line Drive, 9LS, EV 100.6 MPH)
|
|
Batting: RHB Rolando Roomes
|
0-0: TRIPLE (Line Drive, 78XD, EV 101.3 MPH) Mike Sharperson scores
|
|
Batting: RHB Dionisio DeJesus
|
0-0: Ball 1-0: Swinging Strike 1-1: Swinging Strike 1-2: Ball 2-2: Strikes out swinging
|
|
Batting: LHB Bob Helsom
|
0-0: Ball 1-0: Ball 2-0: Foul Ball, location: 2F 2-1: Ball 3-1: Base on Balls
|
|
Batting: SHB Danny Montero
|
0-0: Called Strike 0-1: Ball 1-1: Called Strike 1-2: Ball 2-2: Fly out, F8 (Flyball, 8RM, EV 88.1 MPH) Runner from 3rd tags up, SCORES, no throw by CF
|
|
Batting: RHB Oscar Mejia
|
0-0: Called Strike 0-1: Ball 1-1: Called Strike 1-2: Fly out, F7 (Flyball, 7S, EV 85.0 MPH)
|
| Bottom of the 1st over - 2 runs, 2 hits, 0 errors, 1 left on base; Cedar Rapids 0 - Quad Cities 2 |
| TOP OF THE 2ND |
|
Cedar Rapids Cardinals batting - Pitching for Quad Cities Angels : LHP Mike Foster
|
|
Batting: SHB Steve McAllister
|
0-0: Fly out, F7 (Line Drive, 7, EV 96.3 MPH)
|
|
Batting: LHB Robert O'Leath
|
0-0: Called Strike 0-1: Swinging Strike 0-2: Strikes out swinging
|
|
Batting: RHB Orlando Ramirez
|
0-0: Called Strike 0-1: Fly out, F8 (Flyball, 8LD, EV 97.5 MPH)
|
| Top of the 2nd over - 0 runs, 0 hits, 0 errors, 0 left on base; Cedar Rapids 0 - Quad Cities 2 |
| BOTTOM OF THE 2ND |
|
Quad Cities Angels batting - Pitching for Cedar Rapids Cardinals : RHP Scott Pyle
|
|
Batting: LHB Chuck Sandberg
|
0-0: Called Strike 0-1: Ball 1-1: Foul Ball, location: 2F 1-2: Foul Ball, location: 2F 1-2: Ground out 3-1 (Groundball, 34, EV 98.8 MPH)
|
|
Batting: RHB Brad Fischer
|
0-0: Ball 1-0: Called Strike 1-1: Ball 2-1: Ball 3-1: Base on Balls
|
|
Batting: RHB Lance Ediger
|
0-0: SINGLE (Line Drive, 89M, EV 96.9 MPH) Brad Fischer to second
|
|
Batting: RHB Mike Sharperson
|
0-0: Ball 1-0: Reached on error, E6 (Groundball, 6, EV 100.6 MPH) Brad Fischer to third Lance Ediger to second
|
|
Batting: RHB Rolando Roomes
|
0-0: Ball 1-0: SINGLE (Groundball, 56S, EV 71.3 MPH) (infield hit) Brad Fischer scores Lance Ediger to third Mike Sharperson to second
|
|
Batting: RHB Dionisio DeJesus
|
0-0: Ball 1-0: Swinging Strike 1-1: Ball 2-1: Ball 3-1: Base on Balls Lance Ediger scores Mike Sharperson to third Rolando Roomes to second
|
|
Batting: LHB Bob Helsom
|
0-0: Called Strike 0-1: Ball 1-1: Swinging Strike 1-2: Hit by Pitch Mike Sharperson scores Rolando Roomes to third Dionisio DeJesus to second
|
|
Batting: SHB Danny Montero
|
0-0: Ball 1-0: Fly out, F5 (Popup, 56S, EV 75.6 MPH)
|
|
Batting: RHB Oscar Mejia
|
0-0: Called Strike 0-1: Ball 1-1: Swinging Strike Passed Ball! Rolando Roomes scores Dionisio DeJesus to third Bob Helsom to second 1-2: Fly out, F2 (Popup, 23F, EV 90.0 MPH)
|
| Bottom of the 2nd over - 4 runs, 2 hits, 1 error, 2 left on base; Cedar Rapids 0 - Quad Cities 6 |
| TOP OF THE 3RD |
|
Cedar Rapids Cardinals batting - Pitching for Quad Cities Angels : LHP Mike Foster
|
|
Batting: SHB Duane Johnson
|
0-0: Ball 1-0: Foul Ball, location: 2F 1-1: Called Strike 1-2: Strikes out swinging
|
|
Batting: RHB Chris Gandy
|
0-0: Ball 1-0: Ball 2-0: Foul Ball, location: 2F 2-1: Called Strike 2-2: Strikes out swinging
|
|
Batting: RHB Reggie D Williams
|
0-0: Ground out 6-3 (Groundball, 6M, EV 86.3 MPH)
|
| Top of the 3rd over - 0 runs, 0 hits, 0 errors, 0 left on base; Cedar Rapids 0 - Quad Cities 6 |
| BOTTOM OF THE 3RD |
|
Quad Cities Angels batting - Pitching for Cedar Rapids Cardinals : RHP Scott Pyle
|
|
Batting: LHB Chuck Sandberg
|
0-0: Ball 1-0: Ball 2-0: Ball 3-0: Called Strike 3-1: Base on Balls
|
|
Batting: RHB Brad Fischer
|
0-0: Called Strike 0-1: Grounds into double play, 5-4-3 (Groundball, 5, EV 83.1 MPH)
|
|
Batting: RHB Lance Ediger
|
0-0: Ground out 5-3 (Groundball, 5, EV 103.1 MPH)
|
| Bottom of the 3rd over - 0 runs, 0 hits, 0 errors, 0 left on base; Cedar Rapids 0 - Quad Cities 6 |
| TOP OF THE 4TH |
|
Cedar Rapids Cardinals batting - Pitching for Quad Cities Angels : LHP Mike Foster
|
|
Batting: SHB Bryan Hoppie
|
0-0: Ball 1-0: Ball 2-0: Ball 3-0: Called Strike 3-1: Base on Balls
|
|
Batting: RHB Ronald Grout
|
0-0: Called Strike 0-1: Ground out 3-1 (Groundball, 34S, EV 73.1 MPH) Bryan Hoppie to second
|
|
Batting: RHB Dean Kornacker
|
0-0: Ball 1-0: Swinging Strike 1-1: Ball 2-1: Ball 3-1: Swinging Strike 3-2: Base on Balls
|
|
Batting: SHB Steve McAllister
|
0-0: Foul Ball, location: 2F 0-1: Called Strike Bryan Hoppie steals 3rd base 0-2: Fielders Choice at 2nd, 3-6 (Groundball, 34S, EV 80.0 MPH) Bryan Hoppie scores
|
|
Batting: LHB Robert O'Leath
|
0-0: Swinging Strike 0-1: Foul Ball, location: 2F 0-2: Strikes out swinging
|
| Top of the 4th over - 1 run, 0 hits, 0 errors, 1 left on base; Cedar Rapids 1 - Quad Cities 6 |
| BOTTOM OF THE 4TH |
|
Quad Cities Angels batting - Pitching for Cedar Rapids Cardinals : RHP Scott Pyle
|
|
Batting: RHB Mike Sharperson
|
0-0: Called Strike 0-1: Ground out 6-3 (Groundball, P, EV 83.1 MPH)
|
|
Batting: RHB Rolando Roomes
|
0-0: SINGLE (Groundball, 25, EV 68.1 MPH) (infield hit)
|
|
Batting: RHB Dionisio DeJesus
|
0-0: Called Strike 0-1: Foul Ball, location: 2F 0-2: Grounds into double play, 6-4-3 (Groundball, 6, EV 81.9 MPH)
|
| Bottom of the 4th over - 0 runs, 1 hit, 0 errors, 0 left on base; Cedar Rapids 1 - Quad Cities 6 |
| TOP OF THE 5TH |
|
Cedar Rapids Cardinals batting - Pitching for Quad Cities Angels : LHP Mike Foster
|
|
Batting: RHB Orlando Ramirez
|
0-0: Ball 1-0: SINGLE (Line Drive, 34D, EV 96.3 MPH)
|
|
Batting: SHB Duane Johnson
|
0-0: Called Strike 0-1: Swinging Strike 0-2: Ball 1-2: Ball 2-2: Foul Ball, location: 2F 2-2: Foul Ball, location: 2F 2-2: Ball 3-2: Foul Ball, location: 2F 3-2: Foul Ball, location: 2F 3-2: Foul Ball, location: 2F 3-2: Fly out, F9 (Flyball, 9LM, EV 96.9 MPH)
|
|
Batting: RHB Chris Gandy
|
0-0: Foul Ball, location: 2F 0-1: Swinging Strike 0-2: Ball 1-2: Foul Ball, location: 2F 1-2: Grounds into double play, 5-4-3 (Groundball, 56S, EV 93.1 MPH)
|
| Top of the 5th over - 0 runs, 1 hit, 0 errors, 0 left on base; Cedar Rapids 1 - Quad Cities 6 |
| BOTTOM OF THE 5TH |
|
Quad Cities Angels batting - Pitching for Cedar Rapids Cardinals : RHP Scott Pyle
|
|
Batting: LHB Bob Helsom
|
0-0: Ball 1-0: Ball 2-0: Ball 3-0: Base on Balls
|
|
Pitching: LHP Jeff Twitty
|
|
|
Batting: SHB Danny Montero
|
0-0: Fly out, F8 (Flyball, 89M, EV 88.1 MPH)
|
|
Batting: RHB Oscar Mejia
|
0-0: Fly out, F4 (Line Drive, 4, EV 68.1 MPH)
|
|
Batting: LHB Chuck Sandberg
|
0-0: Called Strike 0-1: Ball 1-1: Swinging Strike 1-2: Ground out 4-3 (Groundball, 34, EV 88.8 MPH)
|
| Bottom of the 5th over - 0 runs, 0 hits, 0 errors, 1 left on base; Cedar Rapids 1 - Quad Cities 6 |
| TOP OF THE 6TH |
|
Cedar Rapids Cardinals batting - Pitching for Quad Cities Angels : LHP Mike Foster
|
|
Batting: RHB Reggie D Williams
|
0-0: Ball 1-0: Fly out, F8 (Flyball, 89M, EV 88.8 MPH)
|
|
Batting: SHB Bryan Hoppie
|
0-0: Foul Ball, location: 2F 0-1: Called Strike 0-2: Foul Ball, location: 2F 0-2: Strikes out swinging
|
|
Batting: RHB Ronald Grout
|
0-0: Foul Ball, location: 2F 0-1: Fly out, F9 (Line Drive, 9, EV 94.4 MPH)
|
| Top of the 6th over - 0 runs, 0 hits, 0 errors, 0 left on base; Cedar Rapids 1 - Quad Cities 6 |
| BOTTOM OF THE 6TH |
|
Quad Cities Angels batting - Pitching for Cedar Rapids Cardinals : LHP Jeff Twitty
|
|
Batting: RHB Brad Fischer
|
0-0: Called Strike 0-1: Called Strike 0-2: Ground out 5-3 (Groundball, 5S, EV 68.1 MPH)
|
|
Batting: RHB Lance Ediger
|
0-0: Ball 1-0: Called Strike 1-1: Ground out 4-3 (Groundball, 4MS, EV 85.0 MPH)
|
|
Batting: RHB Mike Sharperson
|
0-0: Ball 1-0: Ball 2-0: Called Strike 2-1: Called Strike 2-2: Foul Ball, location: 2F 2-2: Foul Ball, location: 2F 2-2: SINGLE (Groundball, 4M, EV 106.3 MPH) (infield hit)
|
|
Batting: RHB Rolando Roomes
|
0-0: Ball 1-0: Foul Ball, location: 2F 1-1: Called Strike 1-2: Fielders Choice at 2nd, 6-4 (Groundball, 6, EV 91.9 MPH)
|
| Bottom of the 6th over - 0 runs, 1 hit, 0 errors, 1 left on base; Cedar Rapids 1 - Quad Cities 6 |
| TOP OF THE 7TH |
|
Cedar Rapids Cardinals batting - Pitching for Quad Cities Angels : LHP Mike Foster
|
|
Batting: RHB Dean Kornacker
|
0-0: Foul Ball, location: 2F 0-1: Ball 1-1: Foul Ball, location: 2F 1-2: Ball 2-2: Foul Ball, location: 2F 2-2: Foul Ball, location: 2F 2-2: Ball 3-2: Fly out, F8 (Flyball, 8LXD, EV 99.4 MPH)
|
|
Batting: SHB Steve McAllister
|
0-0: Ball 1-0: Ball 2-0: Ball 3-0: Called Strike 3-1: Fly out, F7 (Flyball, 7LS, EV 73.1 MPH)
|
|
Batting: LHB Robert O'Leath
|
0-0: Ball 1-0: Foul Ball, location: 2F 1-1: Called Strike 1-2: Foul Ball, location: 2F 1-2: Ball 2-2: Foul Ball, location: 2F 2-2: Ball 3-2: Foul Ball, location: 2F 3-2: Foul Ball, location: 2F 3-2: Foul Ball, location: 2F 3-2: Base on Balls
|
|
Batting: RHB Orlando Ramirez
|
0-0: Ball 1-0: Ball 2-0: Ball 3-0: Called Strike 3-1: Called Strike 3-2: Fly out, F2 (Popup, 2LF, EV 93.8 MPH)
|
| Top of the 7th over - 0 runs, 0 hits, 0 errors, 1 left on base; Cedar Rapids 1 - Quad Cities 6 |
| BOTTOM OF THE 7TH |
|
Quad Cities Angels batting - Pitching for Cedar Rapids Cardinals : LHP Jeff Twitty
|
|
Batting: RHB Dionisio DeJesus
|
0-0: Called Strike 0-1: Ball 1-1: Swinging Strike 1-2: Ball 2-2: Strikes out swinging
|
|
Batting: LHB Bob Helsom
|
0-0: Foul Ball, location: 2F 0-1: Ball 1-1: SINGLE (Line Drive, 4D, EV 95.0 MPH)
|
|
Batting: SHB Danny Montero
|
0-0: Ball 1-0: Called Strike 1-1: Ball 2-1: Ball 3-1: Base on Balls Bob Helsom to second
|
|
Batting: RHB Oscar Mejia
|
0-0: Called Strike 0-1: Ball 1-1: Fly out, F7 (Flyball, 78M, EV 85.0 MPH)
|
|
Batting: LHB Chuck Sandberg
|
0-0: Ball 1-0: Foul Ball, location: 2F 1-1: Swinging Strike 1-2: Foul Ball, location: 2F 1-2: Ground out 4-3 (Groundball, 4S, EV 94.4 MPH)
|
| Bottom of the 7th over - 0 runs, 1 hit, 0 errors, 2 left on base; Cedar Rapids 1 - Quad Cities 6 |
| TOP OF THE 8TH |
|
Cedar Rapids Cardinals batting - Pitching for Quad Cities Angels : LHP Mike Foster
|
|
Batting: SHB Duane Johnson
|
0-0: Ball 1-0: Foul Ball, location: 2F 1-1: Foul Ball, location: 2F 1-2: Ball 2-2: Strikes out swinging
|
|
Batting: RHB Chris Gandy
|
0-0: Called Strike 0-1: Ball 1-1: Reached on error, E5 (Groundball, 5, EV 90.0 MPH)
|
|
Batting: RHB Reggie D Williams
|
0-0: Called Strike 0-1: Ball 1-1: Called Strike 1-2: Strikes out looking
|
|
Batting: SHB Bryan Hoppie
|
0-0: Called Strike 0-1: Fly out, F5 (Popup, 25F, EV 85.0 MPH)
|
| Top of the 8th over - 0 runs, 0 hits, 1 error, 1 left on base; Cedar Rapids 1 - Quad Cities 6 |
| BOTTOM OF THE 8TH |
|
Quad Cities Angels batting - Pitching for Cedar Rapids Cardinals : LHP Jeff Twitty
|
|
Batting: RHB Brad Fischer
|
0-0: Ball 1-0: Ball 2-0: Ball 3-0: Base on Balls
|
|
Pitching: RHP Gerald Busby
|
|
|
Batting: RHB Lance Ediger
|
0-0: Grounds into double play, 4-6-3 (Groundball, 4, EV 82.5 MPH)
|
|
Batting: RHB Mike Sharperson
|
0-0: Foul Ball, location: 2F 0-1: Ball 1-1: Ball 2-1: Ball 3-1: Base on Balls
|
|
Batting: RHB Rolando Roomes
|
0-0: SINGLE (Line Drive, 9S, EV 110.0 MPH) Mike Sharperson to second
|
|
Batting: RHB Dionisio DeJesus
|
0-0: Foul Ball, location: 2F 0-1: Ball 1-1: Called Strike 1-2: Foul Ball, location: 2F 1-2: Foul Ball, location: 2F 1-2: Foul Ball, location: 2F 1-2: Hit by Pitch Mike Sharperson to third Rolando Roomes to second
|
|
Batting: LHB Bob Helsom
|
0-0: Ball 1-0: Ball 2-0: Foul Ball, location: 2F 2-1: Ball 3-1: Foul Ball, location: 2F 3-2: Foul Ball, location: 2F 3-2: Foul Ball, location: 2F 3-2: Strikes out swinging
|
| Bottom of the 8th over - 0 runs, 1 hit, 0 errors, 3 left on base; Cedar Rapids 1 - Quad Cities 6 |
| TOP OF THE 9TH |
|
Cedar Rapids Cardinals batting - Pitching for Quad Cities Angels : LHP Mike Foster
|
|
Batting: RHB Ronald Grout
|
0-0: Foul Ball, location: 2F 0-1: Ball 1-1: Called Strike 1-2: Foul Ball, location: 2F 1-2: Foul Ball, location: 2F 1-2: Strikes out looking
|
|
Batting: RHB Dean Kornacker
|
0-0: Called Strike 0-1: Ball 1-1: Fly out, F8 (Flyball, 8LD, EV 97.5 MPH)
|
|
Pitching: RHP David Trout
|
|
|
Batting: SHB Steve McAllister
|
0-0: Ball 1-0: Foul Ball, location: 2F 1-1: Ball 2-1: Swinging Strike 2-2: Foul Ball, location: 2F 2-2: Strikes out swinging
|
| Top of the 9th over - 0 runs, 0 hits, 0 errors, 0 left on base; Cedar Rapids 1 - Quad Cities 6 |
|